 Dungeon Crawl Stone Soup version 0.20-a0-903-g7e3609c (webtiles) character file.

338 Hook the Skirmisher (level 6, -6/40 HPs)
             Began as a Gargoyle Monk on Mar 20, 2017.
             Killed by divine providence
             ... invoked by an orc priest
              (12 damage)
             ... on level 3 of the Dungeon.
             The game lasted 00:12:24 (4031 turns).

Hook the Skirmisher (Gargoyle Monk)                 Turns: 4031, Time: 00:12:25

Health: -6/40      AC:  8    Str: 17    XL:     6   Next: 55%
Magic:  6/6        EV: 13    Int: 10    God:
Gold:   138        SH:  0    Dex: 12    Spells: 5/5 levels left

rFire    . . .     SeeInvis .   a - +0 mace
rCold    . . .     Gourm    .   b - +1 robe
rNeg     + . .     Faith    .   (no shield)
rPois    ∞         Spirit   .   (no helmet)
rElec    +         Reflect  .   o - +0 cloak
rCorr    +         Harm     .   (no gloves)
MR       .....                  (no boots)
Stlth    ++........             (no amulet)
Regen    0.2/turn               (no ring)
MPRegen  0.1/turn               d - ring of resist corrosion

@: no status effects
A: negative energy resistance 1, electricity resistance, unbreathing,
petrification resistance, rot immunity, AC +4
a: no special abilities


You were on level 3 of the Dungeon.
You were not hungry.

You visited 1 branch of the dungeon, and saw 4 of its levels.
You also visited: Sewer.

You collected 138 gold pieces.

Inventory:

Hand Weapons
 a - a +0 mace (weapon)
Missiles
 r - a javelin (quivered)
Armour
 b - a +1 robe (worn)
 o - a +0 cloak (worn)
Jewellery
 d - a ring of resist corrosion (left hand)
 l - an uncursed ring of stealth {unknown}
 u - a cursed ring of teleportation
Wands
 i - a wand of lightning (8/15)
Scrolls
 f - a scroll of fear {unknown}
 h - a scroll of immolation {unknown}
 n - a scroll of remove curse {unknown}
Potions
 e - a potion of ambrosia {unknown}
 j - a potion of flight {unknown}
 k - a potion of curing {unknown}
 m - a potion of berserk rage {unknown}
 p - a potion of haste {unknown}
 s - a potion of might {unknown}
Comestibles
 g - a royal jelly
 q - a bread ration
 t - a meat ration


   Skills:
 * Level 5.4 Fighting
 + Level 4.0 Maces & Flails
 + Level 2.4 Armour
 * Level 3.7 Dodging
 - Level 2.1 Stealth


You had 5 spell levels left.
You didn't know any spells.

Dungeon Overview and Level Annotations

Branches:
Dungeon (4/15)
 Temple: D:4-7

Altars:
Gozag
Hepliaklqana
Kikubaaqudgha
Makhleb
Nemelex Xobeh
Sif Muna
Uskayaw
Vehumet
The Shining One

Annotations:
D:3 Purgy


Innate Abilities, Weirdness & Mutations

You are resistant to torment.
Your stone body is resilient. (AC +4)
You are immune to poison.
You resist negative energy. (rN+)
You are resistant to electric shocks. (rElec)
You can survive without breathing.
You are immune to petrification.
You are immune to rotting.


Message History

* * * LOW HITPOINT WARNING * * *
Purgy claws you but does no damage. Purgy closely misses you.
Some of the chunks of flesh in your inventory have rotted away.
Purgy barely misses you. Purgy claws you.
* * * LOW HITPOINT WARNING * * *
Purgy claws you but does no damage.
Purgy looks very sad for a moment.
Okay, then.
All of the chunks of flesh in your inventory have rotted away.
Purgy clenches his claws.
You see here 24 stones.
There is an open door here.
A dart slug comes into view.
Purgy clenches his claws.
The dart slug bites you but does no damage.
Purgy hisses menacingly.
The orc priest shouts!
You hear a shout!
The orc priest mumbles some strange prayers to Beogh against you.
Beogh smites you!
You die...

##### ###### #.#.# #....#
..#.################### ##.#.##
#.#.(.)(............^.# ##..#..##
#.#.#################.# #.#.#.#.#
#.#.# #..........#.###.#.#.#.#
#.#'## #.......#.##.##.##.#.##.
#....###########@#.##.##.##.#.##.
#................#.##.o...'.'.'..
#...(######..w........##.##.#.##.
#....'..# #...T..o..(.##.##.#.##.
##...##.# #........(..###.#.#.#.#
#...##.# #...........# #.#.#.#.#
#######.###..........#####..#..##
.........................##.#.##.
#######.####..........####....###


You could see Purgy, an orc priest and a dart slug.

Vanquished Creatures
  A phantom (D:4)
  A crimson imp (D:3)
  Natasha (twice) (D:3)
  7 adders
  An ooze (D:2)
  2 worms
  2 dart slugs (D:1)
  2 leopard geckos
  5 orcs (D:3)
  3 giant cockroaches
  12 goblins
  5 hobgoblins
  7 jackals
  2 ball pythons (D:4)
  4 bats
  4 frilled lizards
  14 kobolds
  12 rats
86 creatures vanquished.

Notes
Turn   | Place    | Note
-------+----------+-------------------------------------------
     0 | D:1      | Hook the Gargoyle Monk began the quest for the Orb.
     0 | D:1      | Reached XP level 1. HP: 14/14 MP: 1/1
   153 | D:1      | Reached XP level 2. HP: 19/19 MP: 2/2
   670 | D:1      | Reached XP level 3. HP: 24/24 MP: 3/3
  1071 | D:1      | Reached skill level 1 in Armour
  1283 | D:1      | Reached skill level 4 in Fighting
  1283 | D:1      | Reached XP level 4. HP: 28/29 MP: 4/4
  2525 | D:3      | Reached XP level 5. HP: 31/34 MP: 5/5
  2889 | D:3      | Found a hazy altar of Hepliaklqana.
  2890 | D:3      | Found an ancient bone altar of Kikubaaqudgha.
  2983 | D:3      | Found a glowing golden altar of the Shining One.
  2984 | D:3      | Found a hide-covered altar of Uskayaw.
  2984 | D:3      | Found a burning altar of Makhleb.
  2984 | D:3      | Found an opulent altar of Gozag.
  2987 | D:3      | Found a sparkling altar of Nemelex Xobeh.
  2988 | D:3      | Found a radiant altar of Vehumet.
  2989 | D:3      | Found a deep blue altar of Sif Muna.
  3147 | D:3      | Noticed Natasha
  3154 | D:3      | Killed Natasha
  3154 | D:3      | Reached skill level 5 in Fighting
  3404 | D:3      | Noticed Natasha
  3409 | D:3      | Killed Natasha
  3409 | D:3      | Reached XP level 6. HP: 32/40 MP: 6/6
  3753 | D:4      | Noticed a phantom
  3766 | D:4      | Killed a phantom
  3777 | D:4      | Found a glowing drain.
  3822 | Sewer    | Entered a sewer
  3934 | Sewer    | Noticed Purgy
  3995 | D:3      | HP: 1/40 [Purgy (2)]
  4031 | D:3      | Killed from afar by an orc priest

Vault maps used:
D:1:      dpeg_arrival_pond
D:2:      serial_bayou_ford_a
D:3:      minitemple, first_bread, interstate_on_off,
          hangedman_abyss_or_decor_stabs, uniq_natasha
D:4:      minmay_temple_entry_junction, portal_sewer_entry_c, st_stairs_3,
          minmay_cut_off
Sewer:    sewer_the_crocodile

Skill      XL: |  1  2  3  4  5  6 |
---------------+-------------------+-----
Armour         | 1 2 |  2.4
Fighting       | 4 5 |  5.4
Dodging        | 3 |  3.7
Maces & Flails | 4 |  4.0
Stealth        | |  2.1

Action                   |  1- 3 |  4- 6 || total
-------------------------+-------+-------++-------
Melee: Mace              |   100 |   204 ||   304
Throw: Stone             |       |    13 ||    13
       Javelin           |       |    23 ||    23
  Use: Scroll            |       |     5 ||     5
 Stab: Sleeping          |     3 |     1 ||     4
  Eat: Chunk             |     1 |     5 ||     6
       Bread ration      |       |     1 ||     1
Armor: Robe              |    26 |    99 ||   125
Dodge: Dodged            |    78 |   166 ||   244
